 Dungeon Crawl Stone Soup version 0.31-a0-774-g0d66cbabe8 (webtiles) character file.

Game seed: 2780054847510518046

138 cforsyth the Trooper (level 5, -1/42 HPs)
             Began as a Djinni Delver on Sept 18, 2023.
             Was an Initiate of Hepliaklqana.
             Slain by a black bear (2 damage)
             ... on level 4 of the Dungeon.
             The game lasted 00:02:36 (560 turns).

cforsyth the Trooper (Djinni Delver)                 Turns: 560, Time: 00:02:37

Health: -1/42      AC:  3    Str: 11    XL:     5   Next: 45%
Gold:   18         EV: 12    Int: 14    God:    Hepliaklqana [......] SH:  0 Dex: 14

rFire   + + .        a - +0 falchion
rCold   x . .        (no shield)
rNeg    . . .        b - +0 leather armour
rPois   ∞            (no helmet)
rElec   .            (no cloak)
rCorr   .            (no gloves)
SInv    .            (boots unavailable)
Will    .....        (no amulet)
Stlth   ++           (no ring)
HPRegen 0.27/turn    (no ring)
MPRegen 0.00/turn

%: infuse magic (-2 HP)
@: flying
A: sickness immunity, fire resistance 2, cold vulnerability 1, float, innate
caster, HP casting, extra vitality 1
a: Renounce Religion


You were on level 4 of the Dungeon.
You worshipped Hepliaklqana.
Hepliaklqana was noncommittal.
You visited 2 branches of the dungeon, and saw 3 of its levels.

You collected 18 gold pieces.

Inventory:

Hand Weapons
 a - a +0 falchion (weapon)
Missiles
 i - 2 throwing nets
Armour
 b - a +0 leather armour (worn)
Wands
 g - a wand of digging (2)
 n - a wand of charming (8)
Scrolls
 c - a scroll of fog
 d - a scroll of revelation
 j - a scroll of poison {unknown}
 l - a scroll of identify {unknown}
 o - a scroll of blinking {unknown}
 p - a scroll of enchant weapon {unknown}
Potions
 f - a potion of haste
 h - 2 potions of brilliance {unknown}
 m - a potion of magic {unknown}


   Skills:
 + Level 4.5 Fighting
 - Level 1.7 Long Blades
 - Level 2.1 Dodging
 - Level 4.1 Stealth
 + Level 2.2 Spellcasting
 + Level 2.2 Conjurations
 + Level 2.2 Hexes
   Level 0.0 Charms
 + Level 2.2 Summonings
 + Level 2.2 Necromancy
 + Level 2.2 Translocations
 + Level 2.2 Transmutations
 + Level 2.2 Fire Magic
 + Level 2.2 Ice Magic
 + Level 2.2 Air Magic
 + Level 2.2 Earth Magic
 + Level 2.2 Poison Magic


You knew the following spells:

 Your Spells              Type           Power      Damage    Failure   Level
a - Necrotise             Necr           28%        1d5       12%         1
b - Static Discharge      Conj/Air       14%        2-3/arc   19%         2
Your spell library was empty.

Dungeon Overview and Level Annotations

Branches:
Dungeon (5/15)             Temple (1/1) D:5

Altars:
Cheibriados
Dithmenos
Elyvilon
Fedhas
Gozag
Hepliaklqana
Nemelex Xobeh
Ru
Trog
Uskayaw
Wu Jian
Xom
Yredelemnul
The Shining One

Shops:
D:5 *

Portals:
Sewer: D:4

Annotations:
D:4 1 runed translucent door


Innate Abilities, Weirdness & Mutations

You are immune to sickness and miasma.
You are immune to poison.
Your flesh is very heat resistant. (rF++)
You are vulnerable to cold. (rC-)
You float through the air rather than walking.
You learn spells naturally, not from books.
Your magical power is your life essence.
You have superior vitality. (+4 MHP)


Message History

The black bear barely misses you. x2
The black bear claws you but does no damage.
You hit the black bear.
The black bear is heavily wounded.
The black bear bites you. The black bear claws you. x2
The black bear bites you.
The black bear claws you but does no damage. x2
You hit the black bear but do no damage.
The black bear is heavily wounded.
The black bear bites you. The black bear closely misses you.
The black bear claws you but does no damage.
You slash the black bear!
The black bear is severely wounded.
A hobgoblin comes into view.
The black bear goes berserk!
The hobgoblin shouts!
You hit the black bear but do no damage.
The black bear is severely wounded.
You hear an angry hiss.
The black bear bites you. The black bear claws you.
* * * LOW HITPOINT WARNING * * *
The black bear completely misses you. The black bear barely misses you.
The black bear claws you but does no damage.
The black bear barely misses you.
You hit the black bear.
The black bear is severely wounded.
The black bear misses you. The black bear closely misses you.
The black bear claws you.
* * * LOW HITPOINT WARNING * * *
The black bear closely misses you. The black bear misses you.
The black bear claws you but does no damage.
As you read the scroll of fear, it crumbles to dust.
You assume a fearsome visage.
The jelly looks frightened!
The hobgoblin looks frightened!
The black bear is unaffected.
The iguana looks frightened!
The black bear bites you!
* * * LOW HITPOINT WARNING * * *
The black bear claws you.
* * * LOW HITPOINT WARNING * * *
The black bear claws you.
You die...

#,,,,,,,..# ******
*####.******#.# *,,,,,
*..[#.##### #.# **,****
*...l$....# #.#####*##### *,,,,,*
*,#.......# #.#...,,....##*,,*,,*
**#.......###.#.#**#.....,,,,,,,*
*###............# *.....,,,*,,,,,
,..#.###...####l##*..h#,**,,,,,,*
,_.#.+p#.##.#*#.@##...#.#*,***,,,
,..#.###.#*#.##.#h#.....#*,* *,**
*###.....##*.##..gJ.....#*,* *,*
#.......##.######.##....,***+**
#.......#.#* #~#,**#***,,,* *
#[..##...#* *∩#,* *,,,,,
**###..##.## *~#,* *****,
,**##...#.##########~*,*****~~,**
,+....$............#~*,,**~~~~,,,


You could see a black bear (berserk), an iguana (fleeing), a jelly (fleeing) and
a hobgoblin (fleeing).

Vanquished Creatures
  2 hounds
  A jelly (D:5)
  2 gnolls (D:5)
  2 adders
  An orc (D:5)
  2 goblins (D:4)
  A hobgoblin (D:4)
  3 jackals (D:4)
  A kobold skeleton (D:4)
15 creatures vanquished.

Notes
Turn   | Place    | Note
-------+----------+-------------------------------------------
     0 | D:5      | cforsyth the Djinni Delver began the quest for the Orb.
     0 | D:5      | Reached XP level 1. HP: 20/20 MP: 0/0
     0 | D:5      | Found a shimmering altar of Xom.
    37 | D:5      | Noticed a hound
    38 | D:5      | Reached XP level 2. HP: 25/25 MP: 0/0
    39 | D:5      | Reached skill level 1 in Spellcasting
    39 | D:5      | Reached skill level 1 in Conjurations
    39 | D:5      | Reached skill level 1 in Hexes
    39 | D:5      | Reached skill level 1 in Summonings
    39 | D:5      | Reached skill level 1 in Necromancy
    39 | D:5      | Reached skill level 1 in Translocations
    39 | D:5      | Reached skill level 1 in Transmutations
    39 | D:5      | Reached skill level 1 in Fire Magic
    39 | D:5      | Reached skill level 1 in Ice Magic
    39 | D:5      | Reached skill level 1 in Air Magic
    39 | D:5      | Reached skill level 1 in Earth Magic
    39 | D:5      | Reached skill level 1 in Poison Magic
    39 | D:5      | Reached XP level 3. HP: 30/30 MP: 0/0
    39 | D:5      | Learned a level 1 spell: Necrotise
    40 | D:5      | Found Jiqyesal's General Store.
    63 | D:5      | Reached XP level 4. HP: 9/37 MP: 0/0
   384 | D:5      | Found a staircase to the Ecumenical Temple.
   389 | Temple   | Entered the Ecumenical Temple
   400 | Temple   | Became a worshipper of Hepliaklqana the Forgotten
   431 | D:4      | Found an ornate altar of the Wu Jian Council.
   444 | D:4      | Reached XP level 5. HP: 28/42 MP: 0/0
   444 | D:4      | Learned a level 2 spell: Static Discharge
   528 | D:4      | Found a runed translucent door.
   528 | D:4      | Noticed a human
   533 | D:4      | Found a basalt altar of Yredelemnul.
   542 | D:4      | Found a glowing drain.
   546 | D:4      | Noticed a black bear
   560 | D:4      | HP: 1/42 [black bear (3)]
   560 | D:4      | Slain by a black bear

Illustrated notes

Levels and vault maps discovered:
D:4:      layout_loops_corners, mainiacjoe_overflow_chevrons,
          dk_yredelemnul_ordeal, portal_sewer_entry_d, chequers_jeans,
          nicolae_underground_beach
D:5:      layout_cave_pools, xom_teletrap_fun, temple_doors_e,
          serial_gnoll_camp, gnoll_camp_medium_01, gnoll_camp_mini_hut,
          gnoll_camp_mini_hut, gnoll_camp_mini_shop, gnoll_camp_mini_house
Temple:   hellmonk_temple_flake

Skill      XL: |  1  2  3  4 |
---------------+-------------+-----
Spellcasting   | 1 2 |  2.2
Conjurations   | 1 2 |  2.2
Hexes          | 1 2 |  2.2
Summonings     | 1 2 |  2.2
Necromancy     | 1 2 |  2.2
Translocations | 1 2 |  2.2
Transmutations | 1 2 |  2.2
Fire Magic     | 1 2 |  2.2
Ice Magic      | 1 2 |  2.2
Air Magic      | 1 2 |  2.2
Earth Magic    | 1 2 |  2.2
Poison Magic   | 1 2 |  2.2
Fighting       | 4 |  4.5
Long Blades    | |  1.7
Dodging        | |  2.1
Stealth        | |  4.1

Action                     |  1- 3 |  4- 6 || total
---------------------------+-------+-------++-------
  Melee: Falchion          |    13 |    64 ||    77
         Punch             |       |     1 ||     1
  Evoke: Wand              |     3 |     2 ||     5
    Use: Scroll            |       |     2 ||     2
   Stab: Sleeping          |       |     1 ||     1
 Armour: Leather armour    |    16 |    57 ||    73
  Dodge: Dodged            |    19 |    48 ||    67

Table legend: (Time is in decaauts)
 A = Elapsed time spent in this place.
 B = Non-inter-level travel time spent in this place.
 C = Inter-level travel time spent in this place.
 D = Time resting spent in this place.
 E = Time spent auto-exploring this place.
 F = Levels seen in this place.
 G = Mean time per level.
                   A        B        C        D        E       F      G
               +--------+--------+--------+--------+--------+-----+--------+
         Total |    577 |    552 |     25 |    105 |    162 |   3 |  192.3 |
       Dungeon |    554 |    540 |     14 |    105 |    162 |   2 |  277.0 |
        Temple |     22 |     11 |     11 |      0 |      0 |   1 |   22.0 |
               +--------+--------+--------+--------+--------+-----+--------+

Top non-repeatable levels by time:
     D:5: 412 daAuts
     D:4: 141 daAuts
  Temple: 22 daAuts
